 Dungeon Crawl Stone Soup version 0.27-a0-445-gbe96e517c0 (webtiles) character file.

Game seed: 1153479189648761816

2686 Chiseanne the Skirmisher (level 9, -5/73 HPs)
             Began as a Demonspawn Wanderer on Feb 27, 2021.
             Was an Initiate of Gozag.
             Killed by nerve-wracking pain
             ... invoked by a shadow imp
              (13 damage)
             ... on level 8 of the Dungeon.
             The game lasted 00:11:21 (6515 turns).

Chiseanne the Skirmisher (Demonspawn Wanderer)      Turns: 6515, Time: 00:11:21

Health: -5/73      AC: 17    Str: 14    XL:     9   Next: 38%
Magic:  9/9        EV: 11    Int: 13    God:    Gozag
Gold:   791        SH:  0    Dex: 15    Spells: 8/8 levels left

rFire    . . .     SeeInvis .   a - +3 falchion (vamp)
rCold    . . .     Faith    .   (no shield)
rNeg     . . .     Spirit   .   q - +0 chain mail
rPois    +         Reflect  .   (helmet restricted)
rElec    .         Harm     .   A - +0 cloak
rCorr    .         Rampage  .   o - +0 pair of gloves
Will     .....                  (no boots)
Stlth    ..........             (no amulet)
HPRegen  0.22/turn              k - +4 ring of protection
MPRegen  0.11/turn              D - ring of poison resistance

@: gold aura
A: horns 2, foul stench 1, spiny 1, sturdy frame 1
a: Renounce Religion, Potion Petition, Call Merchant, Bribe Branch


You were on level 8 of the Dungeon.
You worshipped Gozag.
Gozag was pleased with you.
You visited 1 branch of the dungeon, and saw 8 of its levels.

You collected 898 gold pieces.
You paid 107 gold pieces to Gozag.

Inventory:

Hand Weapons
 a - a +3 vampiric falchion (weapon)
 t - a +3 vorpal dire flail
 v - a +0 whip of venom
 w - a +0 hand crossbow
 y - a +0 rapier of flaming
 F - a +2 battleaxe of freezing
Missiles
 b - a curare-tipped dart
 c - 88 poisoned darts (quivered)
 d - 162 bolts
 g - 206 stones
 i - 14 boomerangs
 j - 37 sling bullets
 l - 75 arrows
 p - 2 javelins
Armour
 o - a +0 pair of gloves (worn)
 q - a +0 chain mail (worn)
 A - a +0 cloak (worn)
 G - a +0 pair of boots
Jewellery
 k - a +4 ring of protection (left hand)
 D - a ring of poison resistance (right hand)
Wands
 n - a wand of random effects (31)
 s - a wand of flame (26)
 u - a wand of polymorph (10)
 E - a wand of iceblast (8)
Scrolls
 f - 5 scrolls of identify
 C - a scroll of teleportation
Potions
 e - 2 potions of curing
 h - 2 potions of lignification
 m - a potion of berserk rage
 x - 3 potions of magic
 z - 2 potions of flight
 B - 2 potions of heal wounds {unknown}


   Skills:
 * Level 7.7 Fighting
 - Level 1.0 Throwing
 * Level 7.0 Armour
 * Level 6.8 Dodging
 - Level 1.7 Stealth
 - Level 1.0 Unarmed Combat
 - Level 1.0 Evocations


You had 8 spell levels left.
You didn't know any spells.
Your spell library contained the following spells:

 Spells                   Type           Power        Failure   Level
 Animate Skeleton         Necr           0%           95%         1
 Apportation              Tloc           0%           95%         1
 Corona                   Hex            0%           95%         1
 Summon Small Mammal      Summ           0%           95%         1


Dungeon Overview and Level Annotations

Branches:
Dungeon (8/15)             Temple (0/1) D:7
   Lair: D:8-11

Altars:
Cheibriados
Gozag
Okawaru
Trog

Shops:
D:5 =   D:6 [

Annotations:
D:3 2 transporters
D:6 Grinder
D:7 2 transporters, Froggeryz's ghost, novice DsMo


Innate Abilities, Weirdness & Mutations

You have a pair of horns on your head.
You may rarely emit foul miasma when damaged in melee.
You are partially covered in sharp spines.
Your movements are slightly less encumbered by armour. (ER -2)


Message History

A shadow imp comes into view.
Harold is engulfed in dark miasma.
Harold looks as sick as possible!
Harold is struck by your spines. Harold hits you with a +0 mace.
You barely miss the yak. You barely miss Harold.
The shadow imp shouts!
The yak gores you but does no damage.
Harold is engulfed in dark miasma.
Harold looks as sick as possible!
Harold is struck by your spines. Harold hits you but does no damage.
The yak gores you.
You barely miss Harold.
Harold is almost dead.
Your chain mail prevents you from hitting the yak.
You slash the yak! You freeze the yak.
You kill the yak!
You barely miss the yak. The yak gores you!
* * * LOW HITPOINT WARNING * * *
The yak is struck by your spines. The yak barely misses you.
Harold is engulfed in dark miasma.
Harold looks as sick as possible!
You kill Harold!
Harold looks down at his mortal wounds and cries, "But... this was my last day before retirement..."
Your Fighting skill increases to level 7!
Your Armour skill increases to level 7!
You have reached level 9!
Your experience leads to an increase in your attributes!
Increase (s)trength, (i)ntelligence, or (d)exterity?
You feel stronger.
Your demonic ancestry asserts itself...
You feel less encumbered by your armour.
Okay, then.
Your +2 battleaxe of freezing stops glowing.
You feel a sense of dread.
a - a +3 vampiric falchion (weapon)
You hit the yak but do no damage. The yak is struck by your spines.
The yak gores you!
* * * LOW HITPOINT WARNING * * *
Blink to where?
Press: ? - help, Dir - move target
As you read the scroll of blinking, it crumbles to dust.
The shadow imp gestures at you. Pain shoots through your body!
You die...
Your body crumbles into a pile of gold.

...##.........#.#.#.#..##
...##..................##
..............#.#.#.#...#
....
...................##
.... ....#.#.#.#....#
#.............#
..##.#.#.#.#...##
#..............#
#..<..@......##
#..........#..###
...........##...#
.........#..5..##
.........#..Y..#
.............Y.#
...............####
#......(........#.#####
###.#.......Y#.....


You could see 2 yaks and a shadow imp.

Vanquished Creatures
  Harold (D:8)
  A yak (D:8)
  Edmund (D:6)
  2 ice beasts (D:5)
  A necrophage (D:6)
  3 ogres (D:7)
  A centaur (D:7)
  A bullfrog (D:6)
  2 scorpions
  A howler monkey (D:7)
  A wight (D:8)
  A crimson imp (D:7)
  A bullfrog zombie (D:5)
  An orc priest (D:7)
  A jelly (D:7)
  2 centaur skeletons (D:7)
  5 hounds
  3 iguanas
  2 orc wizards
  5 worker ants
  3 gnolls (D:6)
  8 adders
  2 white imps (D:7)
  An ufetubus (D:4)
  An ooze (D:2)
  2 adder zombies
  An adder skeleton (D:8)
  6 worms
  9 leopard geckos
  22 orcs
  6 giant cockroaches
  9 hobgoblins
  8 jackals
  8 kobolds
  4 quokkas
  2 ball pythons
  5 bats
  6 frilled lizards
  10 goblins
  A quokka skeleton (D:4)
  6 rats
156 creatures vanquished.

Vanquished Creatures (others)
  A leopard gecko (D:7)
1 creature vanquished.

Grand Total: 157 creatures vanquished

Notes
Turn   | Place    | Note
-------+----------+-------------------------------------------
     0 | D:1      | Chiseanne the Demonspawn Wanderer began the quest for the
                  | Orb.
     0 | D:1      | Chiseanne set off with the following items: a +2 dagger, 3
                  | curare-tipped darts, a +0 hand crossbow, 27 bolts, a potion
                  | of curing, a +0 robe
     0 | D:1      | Reached XP level 1. HP: 16/16 MP: 1/1
   423 | D:1      | Gained mutation: You are partially covered in sharp spines.
                  | [demonic ancestry]
   423 | D:1      | Reached XP level 2. HP: 9/22 MP: 2/2
   940 | D:1      | Gained mutation: You have a pair of small horns on your
                  | head. [demonic ancestry]
   940 | D:1      | Reached XP level 3. HP: 28/28 MP: 3/3
  1078 | D:2      | Found an iron altar of Okawaru.
  1692 | D:3      | Reached XP level 4. HP: 33/35 MP: 4/4
  1800 | D:3      | Found a transporter.
  1863 | D:3      | Found a transporter.
  2408 | D:3      | Found a faded altar of an unknown god.
  2932 | D:4      | Reached XP level 5. HP: 40/41 MP: 5/5
  3925 | D:4      | Found a snail-covered altar of Cheibriados.
  3941 | D:4      | Gained mutation: You may rarely emit foul miasma when
                  | damaged in melee. [demonic ancestry]
  3941 | D:4      | Reached XP level 6. HP: 48/48 MP: 6/6
  4095 | D:5      | Entered Level 5 of the Dungeon
  4097 | D:5      | Noticed an ice beast
  4102 | D:5      | Found Fuheb's Jewellery Boutique.
  4116 | D:5      | Killed an ice beast
  4464 | D:5      | Found an opulent altar of Gozag.
  4474 | D:5      | Became a worshipper of Gozag Ym Sagoz the Greedy
  4498 | D:5      | Noticed an ice beast
  4513 | D:5      | Killed an ice beast
  4533 | D:5      | Gained mutation: You have a pair of horns on your head.
                  | [demonic ancestry]
  4533 | D:5      | Reached XP level 7. HP: 38/55 MP: 7/7
  4653 | D:5      | Reached skill level 5 in Fighting
  4834 | D:5      | Found a bloodstained altar of Trog.
  4928 | D:6      | Noticed Grinder
  4930 | D:6      | Noticed Grinder
  4930 | D:6      | Grinder changed into Grinder the smoke demon
  4942 | D:6      | Found Bubakiri's Armour Boutique.
  4942 | D:6      | Noticed Edmund
  4955 | D:6      | Killed Edmund
  4959 | D:6      | Reached skill level 5 in Armour
  4967 | D:6      | Reached XP level 8. HP: 46/64 MP: 8/8
  5174 | D:7      | Found a transporter.
  5174 | D:7      | Noticed Froggeryz's ghost (novice DsMo)
  5213 | D:7      | Reached skill level 5 in Dodging
  5379 | D:7      | Found a transporter.
  5937 | D:7      | Found a staircase to the Ecumenical Temple.
  6479 | D:8      | Noticed Harold
  6496 | D:8      | Killed Harold
  6497 | D:8      | Gained mutation: Your movements are slightly less
                  | encumbered by armour. (ER -2) [demonic ancestry]
  6497 | D:8      | Reached XP level 9. HP: 12/73 MP: 9/9
  6515 | D:8      | Killed from afar by a shadow imp

Illustrated notes

Levels and vault maps discovered:
D:1:      dpeg_arrival_three_same_balls, layout_loops_ring, serial_park_tiny_2
D:2:      layout_basic, okawaru_trees_2
D:3:      gammafunk_steamed_eel, layout_basic, chequers_ecumenical_altar_grove,
          minmay_misc_feat_rugged
D:4:      layout_cave_pods, cheibriados_altar_1
D:5:      kennysheep_big_flooded_room, layout_rooms, serial_shops, shop,
          basic_altar, bloody_trog
D:6:      layout_loops_ring, lemuel_coloured_pillars_altar, marbit_many_paths,
          serial_shops, shop, nicolae_shop_temple_entry_statues_fountains,
          uniq_eustachio, uniq_maggie, uniq_grinder, uniq_edmund, uniq_pikel
D:7:      layout_cave_pools, lemuel_temple_firewalk_b, gammafunk_ghost_arena,
          minmay_misc_feat_five, minmay_fire_ice_demons
D:8:      layout_cave_pools, gammafunk_temple_overflow_forgotten, serial_glass,
          glass_columns_b, glass_columns_c, serial_shops, kennysheep_little_box,
          nicolae_shop_statue_plus, shop, nicolae_shop_stone, shop,
          eino_curves_01, uniq_harold, uniq_prince_ribbit1

Skill      XL: |  1  2  3  4  5  6  7  8 |
---------------+-------------------------+-----
Armour         | 2 3 4 5 7 |  7.0
Dodging        | 2 3 4 6 |  6.8
Fighting       | 3 4 5 7 |  7.7
Throwing       | |  1.0
Stealth        | |  1.7
Unarmed Combat | |  1.0
Evocations     | |  1.0

Action                   |  1- 3 |  4- 6 |  7- 9 || total
-------------------------+-------+-------+-------++-------
Melee: Dagger            |   137 |    58 |       ||   195
       Headbutt          |    10 |    18 |    24 ||    52
       Falchion          |       |    81 |    81 ||   162
       Rapier            |       |     2 |     8 ||    10
       Whip              |       |       |    30 ||    30
       Battleaxe         |       |       |    12 ||    12
       Dire flail        |       |       |     9 ||     9
Throw: Dart              |       |       |     9 ||     9
Evoke: Wand              |       |       |     2 ||     2
  Use: Potion            |     1 |       |       ||     1
       Scroll            |     2 |     3 |     9 ||    14
Armor: Ring mail         |    55 |     9 |       ||    64
       Chain mail        |       |    76 |    88 ||   164
Dodge: Dodged            |    65 |    53 |    63 ||   181
       Rpst.: Falchion   |       |     7 |    11 ||    18

Table legend: (Time is in decaauts)
 A = Elapsed time spent in this place.
 B = Non-inter-level travel time spent in this place.
 C = Inter-level travel time spent in this place.
 D = Time resting spent in this place.
 E = Time spent auto-exploring this place.
 F = Levels seen in this place.
 G = Mean time per level.
                   A        B        C        D        E       F      G
               +--------+--------+--------+--------+--------+-----+--------+
         Total |   6571 |   6407 |    164 |   1250 |   4090 |   8 |  821.4 |
       Dungeon |   6571 |   6407 |    164 |   1250 |   4090 |   8 |  821.4 |
               +--------+--------+--------+--------+--------+-----+--------+

Top non-repeatable levels by time:
     D:3: 1240 daAuts
     D:4: 1183 daAuts
     D:7: 1134 daAuts
     D:1: 1044 daAuts
     D:5: 807 daAuts
     D:2: 641 daAuts
     D:6: 291 daAuts
     D:8: 229 daAuts
